Workbook
Name ASIGNACIÓN: 'TABLAS VALORACIÓN'!$H$27:$H$28
Name CLASE: 'TABLAS VALORACIÓN'!$C$27:$C$28
Name ETAPA: 'TABLAS VALORACIÓN'!#REF!
Name FUENTE: 'TABLAS VALORACIÓN'!$D$27:$D$28
Name IMPACTO: 'TABLAS VALORACIÓN'!$G$27:$G$31
Name PROBABILIDAD: 'TABLAS VALORACIÓN'!$F$27:$F$31
Name TIPO: 'TABLAS VALORACIÓN'!#REF!

Sheet TABLAS VALORACIÓN
A1: TABLAS PARA VALORACIÓN DE RIESGO SEGÚN METODOLOGÍA CCE - No imprimir
B3: Clase del Riesgo | C3: Descripción | F3: Etapa del proceso | G3: Desde | H3: Hasta | I3: Descrición | N3: Tipo de riesgo | O3: Descripción
B4: General | C4: Es un Riesgo de todos los Procesos de Contratación adelantados por la Entidad Estatal, por lo cual está presente en toda su actividad contractual. | F4: Planeación | G4: Plan anual de adquisición | H4: Acto de Apertura del Proceso de Contratación | I4: Durante esta estapa, la Entidad elabora los estudios previos y el proyecto de pliegos de condiciones o sus equivalentes. Dentro de las preguntas que la Entidad Estatal debe hacerse para identificar los Riesgos de la etapa de planeación se encuentran las siguientes: (i) La modalidad de contratación es adecuada para el bien servicio u obra necesitado. (ii) Los requisitos habilitantes son los apropiados para el Proceso de Contratación y es posible encontrar proponentes que los cumplan incluyendo los Riesgos relacionados con la habilidad para determinar requisitos habilitantes consistentes con el Proceso de Contratación y con el sector económico en el que actúan los posibles oferentes. (iii) El valor del contrato corresponde a los precios del mercado. (iv) La descripción del bien o servicio requerido es claro. (v) El Proceso de Contratación cuenta con las condiciones que garanticen la transparencia, equidad y competencia entre los proponentes. (vi) El estudio de mercado permite identificar los aspectos de oferta y demanda del mercado respectivo. (vii) El diseño del Proceso de Contratación permite satisfacer las necesidades de la Entidad Estatal, cumplir su misión y si es coherente con el cumplimiento de sus objetivos y metas. | N4: Riesgos Económicos: | O4: Son los derivados del comportamiento del mercado, tales como la fluctuación de los precios de los insumos, desabastecimiento y especulación de los mismos, entre otros.
B5: Específico | C5: Es un Riesgo propio del Proceso de Contratación objeto de análisis. | N5: Riesgos Sociales o Políticos | O5: Son los derivados de los cambios de las políticas gubernamentales y de cambios en las condiciones sociales que tengan impacto en la ejecución del contrato.
N6: Riesgos Operacionales | O6: Son los asociados a la operatividad del contrato, tales como la suficiencia del presupuesto oficial, del plazo o los derivados de procesos, procedimientos, parámetros, sistemas de información y tecnológicos, equipos humanos o técnicos inadecuados o insuficientes.
B7: Fuente del Riesgo | C7: Descripción | F7: Selección | G7: Acto de Apertura del Proceso de Contratación | H7: Adjudicación o la declaración de desierto del Proceso de Contratación | I7: En la etapa de selección la Entidad Estatal selecciona al contratista. En esta etapa los Riesgos frecuentes son los siguientes: (i) Falta de capacidad de la Entidad Estatal para promover y adelantar la selección del contratista, incluyendo el riesgo de seleccionar aquellos que no cumplan con la totalidad de los requisitos habilitantes o se encuentren incursos en alguna inhabilidad o incompatibilidad. (ii) Riesgo de colusión. (iii) Riesgo de ofertas artificialmente bajas. | N7: Riesgos Financieros: | O7: Son (i) el riesgo de consecución de financiación o riesgo de liquidez para obtener recursos para cumplir con el objeto del contrato, y (ii) el riesgo de las condiciones financieras establecidas para la obtención de los recursos, tales como plazos, tasas, garantías, contragarantías, y refinanciaciones, entre otros. | AA7: w
B8: Interno | C8: Es un Riesgo asociado a la operación, capacidad, o situación particular de la Entidad Estatal (reputacional, tecnológico). | F8: Contratación | G8: Adjudicación del contrato objeto del proceso de contratación | H8: Perfeccionamiento | I8: En esta etapa los Riesgos frecuentes son los siguientes: (i) Riesgo de que no se firme el contrato. (ii) Riesgo de que no se presenten las garantías requeridas en los Documentos del Proceso de Contratación o que su presentación sea tardía. (iii) Riesgos asociados al incumplimiento de la publicación o el registro presupuestal del contrato. (iv) Riesgos asociados a los reclamos de terceros sobre la selección del oferente que retrasen el perfeccionamiento del contrato. | N8: Riesgos Regulatorios | O8: Derivados de cambios regulatorios o reglamentarios que afecten la ecuación económica del contrato.
B9: Externo | C9: Es un Riesgo del sector del objeto del Proceso de Contratación, o asociado a asuntos no referidos a la Entidad Estatal (desastres económicos, existencia de monopolios, circunstancias electorales). | F9: Ejecución | G9: Perfeccionamiento | H9: Vencimiento del plazo o acta de liquidación | I9: Esta etapa puede extenderse cuando hay lugar a garantías de calidad, estabilidad y mantenimiento, o a condiciones de disposición final o recuperación ambiental de las obras o bienes. En esta etapa se cumplen con las obligaciones previstas en el contrato, permitiendo el logro del objeto del Proceso de Contratación; en consecuencia los Riesgos frecuentes son los asociados al cumplimiento del contrato y el logro del objeto propuesto, el rompimiento del equilibrio económico del contrato, los asociados a la liquidación y terminación del contrato y aquellos relacionados con el incumplimiento de la normativa posconsumo. | N9: Riesgos de la Naturaleza: | O9: Son los eventos naturales previsibles en los cuales no hay intervención humana que puedan tener impacto en la ejecución del contrato, por ejemplo los temblores, inundaciones, lluvias, sequías, entre otros.
N10: Riesgos Ambientales: | O10: Son los derivados de las obligaciones legales o reglamentarias de carácter ambiental, así como de las licencias, planes de manejo o de permisos y autorizaciones ambientales, incluyendo tasas retributivas y compensatorias, obligaciones de mitigación, tareas de monitoreo y control, entre otras.
N12: Riesgos Tecnológicos: | O12: Son los derivados de fallas en los sistemas de comunicación de voz y de datos, suspensión de servicios públicos, nuevos desarrollos tecnológicos o estándares que deben ser tenidos en cuenta para la ejecución del contrato, obsolescencia tecnológica
C14: Probabilidad del Riesgo | F14: Impacto del riesgo | O14: Impacto | X14: Categoría del riesgo
C15: Categoría | D15: Valoración | F15: Impacto | O15: Clasificación Cualitativa | Q15: Obstruye la ejecución del contrato de manera intrascendente. | R15: Dificulta la ejecución del contrato de manera baja. Aplicando medidas mínimas se puede lograr el objeto contractual. | S15: Afecta la ejecución del contrato sin alterar el beneficio de las partes. | T15: Obstruye la ejecución del contrato sustancialmente per aun así permite la consecución del objeto contractual. | U15: Perturba la ejecución del contrato de manera grave imposibilitando la consecución del objeto contractual. | X15: Valoración del riesgo | Y15: Categoría
B16: Probabilidad | C16: Raro (puede ocurrir excepcionalmente) | D16: 1 | F16: Clasificación Cualitativa | H16: Obstruye la ejecución del contrato de manera intrascendente. | I16: Dificulta la ejecución del contrato de manera baja. Aplicando medidas mínimas se puede lograr el objeto contractual. | J16: Afecta la ejecución del contrato sin alterar el beneficio de las partes. | K16: Obstruye la ejecución del contrato sustancialmente per aun así permite la consecución del objeto contractual. | L16: Perturba la ejecución del contrato de manera grave imposibilitando la consecución del objeto contractual. | O16: Clasificación Monetaria | Q16: Los sobrecostos no representan mpas del uno por ciento (1%) del valor del contrato. | R16: Los sobrecostos no representan más del cinco por ciento (5%) del valor del contrato. | S16: Genera un impacto sobre el valor del contrato entre el cinco (5%) y el quince por ciento (15%). | T16: Incrementa el valor del contrato entre el quince (15%) y el treinta por ciento (30%). | U16: Impacto sobre el valor del contrato de más del treinta por ciento (30%). | X16: 8,9,10 | Y16: Riesgo Extremo
C17: Improbable (puede ocurrir ocasionalmente) | D17: 2 | F17: Clasificación Monetaria | H17: Los sobrecostos no representan mpas del uno por ciento (1%) del valor del contrato. | I17: Los sobrecostos no representan más del cinco por ciento (5%) del valor del contrato. | J17: Genera un impacto sobre el valor del contrato entre el cinco (5%) y el quince por ciento (15%). | K17: Incrementa el valor del contrato entre el quince (15%) y el treinta por ciento (30%). | L17: Impacto sobre el valor del contrato de más del treinta por ciento (30%). | O17: Categoría | P17: Valoración | Q17: Insignificante | R17: Menor | S17: Moderado | T17: Mayor | U17: Catastrófico | X17: 6 Y 7 | Y17: Riesgo Alto
C18: Posible (puede ocurrir en cualquier momento futuro) | D18: 3 | F18: Categoría | G18: Valoración | H18: Insignificante | I18: Menor | J18: Moderado | K18: Mayor | L18: Catastrófico | Q18: 1 | R18: 2 | S18: 3 | T18: 4 | U18: 5 | X18: 5 | Y18: Riesgo Medio
C19: Probable (probablemente va a ocurrir) | D19: 4 | H19: 1 | I19: 2 | J19: 3 | K19: 4 | L19: 5 | N19: Probabilidad | O19: Raro (puede ocurrir excepcionalmente) | P19: 1 | Q19: 2 | R19: 3 | S19: 4 | T19: 5 | U19: 6 | X19: 2,3 Y 4 | Y19: Riesgo Bajo
C20: Casi cierto (ocurre en la mayoría de circunstancias) | D20: 5 | O20: Improbable (puede ocurrir ocasionalmente) | P20: 2 | Q20: 3 | R20: 4 | S20: 5 | T20: 6 | U20: 7
O21: Posible (puede ocurrir en cualquier momento futuro) | P21: 3 | Q21: 4 | R21: 5 | S21: 6 | T21: 7 | U21: 8 | X21: ¿Afecta la ejecución del contrato? | Y21: Responsable por implementar el tratamiento
B22: Fuente: Agencia Nacional para la Contratación Pública – Colombia Compra Eficiente, http://www.colombiacompra.gov.co/es/manuales-y-documentos-tipo, disponible en internet, fecha de consulta 23 de enero de 2016. | O22: Probable (probablemente va a ocurrir) | P22: 4 | Q22: 5 | R22: 6 | S22: 7 | T22: 8 | U22: 9 | X22: Si | Y22: ICBF
O23: Casi cierto (ocurre en la mayoría de circunstancias) | P23: 5 | Q23: 6 | R23: 7 | S23: 8 | T23: 9 | U23: 10 | X23: No | Y23: Contratista
Y24: ICBF y Contratista
C26: CLASE | D26: FUENTE | F26: PROBABILIDAD | G26: IMPACTO | H26: ¿A quién se le asigna?
C27: General | D27: Interno | F27: 1=Raro | G27: 1= Insignificante | H27: ICBF
C28: Específico | D28: Externo | F28: 2=Improbable | G28: 2= Menor | H28: Contratista
F29: 3=Posible | G29: 3= Moderado
F30: 4=Probable | G30: 4= Mayor
F31: 5=Casi cierto | G31: 5= Catastrófico
C33: ETAPA | D33: TIPO
C34: Planeación | D34: Riesgos Económicos
C35: Selección | D35: Riesgos Sociales o Políticos
C36: Contratación | D36: Riesgos Operacionales
C37: Ejecución | D37: Riesgos Financieros
D38: Riesgos Regulatorios
D39: Riesgos de la Naturaleza
D40: Riesgos Ambientales
D41: Riesgos Tecnológicos

Sheet ANEXO RIESGOS
B2: Denominación del bien o servicio | G2: DIRECCIÓN DE INFANCIA - PROGRAMA GENERACIÓN EXPLORA | W2: Anexo # | X2: 5
W3: Fecha | X3: 44246
B4: Elaborado de conformidad con la metodología propuesta por la Agencia Nacional para la Contratación Pública – Colombia Compra Eficiente, detallada en el “Manual para la Identificación y Cobertura del Riesgo en los Proceso de Contratación", fuente: http://www.colombiacompra.gov.co/es/manuales-y-documentos-tipo, disponible en internet, fecha de consulta 23 de enero de 2016.
B5: No. | C5: Clase | D5: Fuente | E5: Etapa | F5: Tipo | G5: Descripción (Qué puede pasar y, cómo puede ocurrir) | H5: Consecuencia de la ocurrencia del evento | I5: Probabilidad | J5: Impacto | K5: Valoración del riesgo | L5: Categoría | M5: ¿A quién se le asigna? | N5: Tratamiento/Controles a ser implementados | O5: Impacto después del tratamiento | S5: ¿Afecta la ejecución del contrato? | T5: Responsable por implementar el tratamiento | U5: A partir de cuando se inicia el tratamiento | V5: Cuando se completa el tratamiento | W5: Monitoreo y revisión
O6: Probabilidad | P6: Impacto | Q6: Valoración del riesgo | R6: Categoría | W6: ¿Cómo se realiza el monitoreo? | X6: Periodicidad
B7: 1 | C7: General | D7: Interno | E7: Selección | F7: Riesgos Operacionales | G7: Retraso en el cronograma del proceso de conformacion del banco de oferentes | H7: Demora en la prestación del servicio | I7: 3=Posible | J7: 4= Mayor | K7: 7 | L7: =IF(K7="","",IF(OR(K7=2,K7=3,K7=4),'[1]TABLAS VALORACIÓN'!$Y$8,IF(K7=5,'[1]TABLAS VALORACIÓN'!$Y$7,IF(OR(K7=6,K7=7),'[1]TABLAS VALORACIÓN'!$Y$6,IF(OR(K7=8,K7=9,K7=10),'[1]TABLAS VALORACIÓN'!$Y$5))))) -> Riesgo Alto | M7: ICBF | N7: Ajuste de crongrama y compromiso de las diferentes áreas para dar cumplimiento a las actividades previstas en el proceso de contratación. | O7: 1=Raro | P7: 2= Menor | Q7: =IFERROR(MID(O7,1,1)+MID(P7,1,1),"") -> 3 | R7: =IF(Q7="","",IF(OR(Q7=2,Q7=3,Q7=4),'[1]TABLAS VALORACIÓN'!$Y$8,IF(Q7=5,'[1]TABLAS VALORACIÓN'!$Y$7,IF(OR(Q7=6,Q7=7),'[1]TABLAS VALORACIÓN'!$Y$6,IF(OR(Q7=8,Q7=9,Q7=10),'[1]TABLAS VALORACIÓN'!$Y$5))))) -> Riesgo Bajo | S7: No | T7: ICBF | U7: En el momento en que ocurra | V7: Hasta la suscripción del contrato | W7: Mediante reuniones de seguimiento de actividades definidas en el cronograma | X7: En el momento en que ocurra
B8: 2 | C8: General | D8: Externo | E8: Selección | F8: Riesgos Operacionales | G8: Imposibilidad de contar con suficientes habilitados en el Banco de oferentes | H8: No prestación del servicio e incumplimiento de las metas. | I8: 2=Improbable | J8: 5= Catastrófico | K8: =IFERROR(MID(I8,1,1)+MID(J8,1,1),"") -> 7 | L8: =IF(K8="","",IF(OR(K8=2,K8=3,K8=4),'[1]TABLAS VALORACIÓN'!$Y$8,IF(K8=5,'[1]TABLAS VALORACIÓN'!$Y$7,IF(OR(K8=6,K8=7),'[1]TABLAS VALORACIÓN'!$Y$6,IF(OR(K8=8,K8=9,K8=10),'[1]TABLAS VALORACIÓN'!$Y$5))))) -> Riesgo Alto | M8: ICBF | N8: Adecuada estructuración de los requisitos para la contratación. | O8: 1=Raro | P8: 2= Menor | Q8: =IFERROR(MID(O8,1,1)+MID(P8,1,1),"") -> 3 | R8: =IF(Q8="","",IF(OR(Q8=2,Q8=3,Q8=4),'[1]TABLAS VALORACIÓN'!$Y$8,IF(Q8=5,'[1]TABLAS VALORACIÓN'!$Y$7,IF(OR(Q8=6,Q8=7),'[1]TABLAS VALORACIÓN'!$Y$6,IF(OR(Q8=8,Q8=9,Q8=10),'[1]TABLAS VALORACIÓN'!$Y$5))))) -> Riesgo Bajo | S8: No | T8: ICBF | U8: En el momento en que ocurra | V8: Hasta la suscripción del contrato | W8: Mediante reuniones con las diferentes áreas involucradas para el ajuste de los requisitos | X8: En el momento en que ocurra
B9: 3 | C9: General | D9: Externo | E9: Ejecución | F9: Riesgos Regulatorios | G9: Modificaciones del régimen tributario que implique afectación a la ejecución del contrato y la prestación del servicio | H9: Sobrecosto de la actividad | I9: 3=Posible | J9: 3= Moderado | K9: =IFERROR(MID(I9,1,1)+MID(J9,1,1),"") -> 6 | L9: =IF(K9="","",IF(OR(K9=2,K9=3,K9=4),'TABLAS VALORACIÓN'!$Y$19,IF(K9=5,'TABLAS VALORACIÓN'!$Y$18,IF(OR(K9=6,K9=7),'TABLAS VALORACIÓN'!$Y$17,IF(OR(K9=8,K9=9,K9=10),'TABLAS VALORACIÓN'!$Y$16))))) -> Riesgo Alto | M9: Contratista | N9: Mediante comité técnico operativo se verificarán las circunstancias y afectaciones al contrato para realizar toma de decisiones. | O9: 3=Posible | P9: 2= Menor | Q9: =IFERROR(MID(O9,1,1)+MID(P9,1,1),"") -> 5 | R9: =IF(Q9="","",IF(OR(Q9=2,Q9=3,Q9=4),'TABLAS VALORACIÓN'!$Y$19,IF(Q9=5,'TABLAS VALORACIÓN'!$Y$18,IF(OR(Q9=6,Q9=7),'TABLAS VALORACIÓN'!$Y$17,IF(OR(Q9=8,Q9=9,Q9=10),'TABLAS VALORACIÓN'!$Y$16))))) -> Riesgo Medio | S9: No | T9: ICBF y Contratista | U9: En el momento en que ocurra | V9: Hasta la finalización de la ejecución. | W9: mediante reuniones de comité técnico operativo | X9: En el momento en que ocurra
B10: 4 | C10: General | D10: Externo | E10: Ejecución | F10: Riesgos Sociales o Políticos | G10: Situaciones de orden público que puedan alterar la seguridad e integridad de los bienes y personas custodiadas | H10: suspensión de la ejecución del objeto contractual | I10: 2=Improbable | J10: 5= Catastrófico | K10: =IFERROR(MID(I10,1,1)+MID(J10,1,1),"") -> 7 | L10: =IF(K10="","",IF(OR(K10=2,K10=3,K10=4),'TABLAS VALORACIÓN'!$Y$19,IF(K10=5,'TABLAS VALORACIÓN'!$Y$18,IF(OR(K10=6,K10=7),'TABLAS VALORACIÓN'!$Y$17,IF(OR(K10=8,K10=9,K10=10),'TABLAS VALORACIÓN'!$Y$16))))) -> Riesgo Alto | M10: Contratista | N10: Mediante comité técnico operativo se verificarán las circunstancias y afectaciones al contrato para realizar artiulaciones interinstitucionales o toma de medidas preventivas. | O10: 2=Improbable | P10: 3= Moderado | Q10: =IFERROR(MID(O10,1,1)+MID(P10,1,1),"") -> 5 | R10: =IF(Q10="","",IF(OR(Q10=2,Q10=3,Q10=4),'TABLAS VALORACIÓN'!$Y$19,IF(Q10=5,'TABLAS VALORACIÓN'!$Y$18,IF(OR(Q10=6,Q10=7),'TABLAS VALORACIÓN'!$Y$17,IF(OR(Q10=8,Q10=9,Q10=10),'TABLAS VALORACIÓN'!$Y$16))))) -> Riesgo Medio | S10: Si | T10: ICBF y Contratista | U10: En el momento en que ocurra | V10: Hasta la finalización de la ejecución. | W10: mediante reuniones de comité técnico operativo | X10: En el momento en que ocurra
B11: 5 | C11: General | D11: Externo | E11: Ejecución | F11: Riesgos de la Naturaleza | G11: Eventos de la naturaleza fuera del control de las partes que impiden continuar con la ejecución del contrato temporal o definitivamente | H11: suspensión de la ejecución del objeto contractual | I11: 2=Improbable | J11: 5= Catastrófico | K11: =IFERROR(MID(I11,1,1)+MID(J11,1,1),"") -> 7 | L11: =IF(K11="","",IF(OR(K11=2,K11=3,K11=4),'TABLAS VALORACIÓN'!$Y$19,IF(K11=5,'TABLAS VALORACIÓN'!$Y$18,IF(OR(K11=6,K11=7),'TABLAS VALORACIÓN'!$Y$17,IF(OR(K11=8,K11=9,K11=10),'TABLAS VALORACIÓN'!$Y$16))))) -> Riesgo Alto | M11: ICBF | N11: Mediante comité técnico operativo se verificarán las circunstancias y afectaciones al contrato para realizar artiulaciones interinstitucionales o toma de medidas preventivas. | O11: 2=Improbable | P11: 3= Moderado | Q11: =IFERROR(MID(O11,1,1)+MID(P11,1,1),"") -> 5 | R11: =IF(Q11="","",IF(OR(Q11=2,Q11=3,Q11=4),'TABLAS VALORACIÓN'!$Y$19,IF(Q11=5,'TABLAS VALORACIÓN'!$Y$18,IF(OR(Q11=6,Q11=7),'TABLAS VALORACIÓN'!$Y$17,IF(OR(Q11=8,Q11=9,Q11=10),'TABLAS VALORACIÓN'!$Y$16))))) -> Riesgo Medio | S11: Si | T11: ICBF | U11: En el momento en que ocurra | V11: Hasta la finalización de la ejecución. | W11: mediante reuniones de comité técnico operativo | X11: En el momento en que ocurra
B12: 6 | C12: General | D12: Externo | E12: Ejecución | F12: Riesgos de la Naturaleza | G12: Situaciones de salud pública como pandemias o enfermedades endemicas, entre otras, que impactan la ejecución ya sea temporal o definitivamente | H12: suspensión de la ejecución del contractual | I12: 2=Improbable | J12: 5= Catastrófico | K12: =IFERROR(MID(I12,1,1)+MID(J12,1,1),"") -> 7 | L12: =IF(K12="","",IF(OR(K12=2,K12=3,K12=4),'TABLAS VALORACIÓN'!$Y$19,IF(K12=5,'TABLAS VALORACIÓN'!$Y$18,IF(OR(K12=6,K12=7),'TABLAS VALORACIÓN'!$Y$17,IF(OR(K12=8,K12=9,K12=10),'TABLAS VALORACIÓN'!$Y$16))))) -> Riesgo Alto | M12: ICBF | N12: Mediante comité técnico operativo se verificarán las circunstancias y afectaciones para tomar medidas como por ejemplo, adecuaciones razonables en la operación. | O12: 2=Improbable | P12: 3= Moderado | Q12: =IFERROR(MID(O12,1,1)+MID(P12,1,1),"") -> 5 | R12: =IF(Q12="","",IF(OR(Q12=2,Q12=3,Q12=4),'TABLAS VALORACIÓN'!$Y$19,IF(Q12=5,'TABLAS VALORACIÓN'!$Y$18,IF(OR(Q12=6,Q12=7),'TABLAS VALORACIÓN'!$Y$17,IF(OR(Q12=8,Q12=9,Q12=10),'TABLAS VALORACIÓN'!$Y$16))))) -> Riesgo Medio | S12: Si | T12: ICBF | U12: En el momento en que ocurra | V12: Hasta la finalización de la ejecución. | W12: mediante reuniones de comité técnico operativo | X12: En el momento en que ocurra
